 Dungeon Crawl Stone Soup version 0.24.0-123-gd5b16e6ec5 (webtiles) character file.

Game seed: 14730538738746295751, levelgen mode: deterministic

9019 Goreval the Grappler (level 11, -1/85 (86) HPs)
             Began as a Yellow Draconian Transmuter on Jan 13, 2020.
             Was a High Priest of Okawaru.
             Splashed by an acid dragon's acid (6 damage)
             ... on level 11 of the Dungeon.
             The game lasted 00:31:52 (15706 turns).

Goreval the Grappler (Yellow Draconian Transmuter) Turns: 15706, Time: 00:31:53

HP:   -1/85 (86)    AC:  8    Str: 13    XL:     11   Next: 17%
MP:   14/17         EV: 29    Int: 17    God:    Okawaru [*****.]
Gold: 565           SH:  0    Dex: 11    Spells: 6/18 levels left

rFire    . . .     SeeInvis .     - Unarmed
rCold    . . .     Gourm    .   (no shield)
rNeg     . . .     Faith    .   (armour unavailable)
rPois    .         Spirit   .   (helmet restricted)
rElec    .         Reflect  .   n - +0 cloak
rCorr    +         Harm     .   l - +1 pair of gloves
MR       .....                  r - +1 pair of boots
Stlth    +.........             e - amulet of the acrobat
HPRegen  0.24/turn              (no ring)
MPRegen  0.15/turn              (no ring)

@: corroded, acrobat
A: spit acid, unfitting armour, cold-blooded, acid resistance, AC +7
a: Breathe Acid, Heroism, Finesse, Renounce Religion


You were on level 11 of the Dungeon.
You worshipped Okawaru.
Okawaru was extremely pleased with you.
You were very hungry.

You visited 2 branches of the dungeon, and saw 12 of its levels.
You also visited: Sewer.

You collected 565 gold pieces.

Inventory:

Missiles
 a - 57 arrows
 d - 200 stones (quivered)
 u - a throwing net
Armour
 l - a +1 pair of gloves (worn)
 n - a +0 cloak (worn)
 r - a +1 pair of boots (worn)
Magical Staves
 t - an uncursed staff of fire
Jewellery
 e - an amulet of the acrobat (around neck)
 p - an uncursed amulet of the gourmand
 x - a +5 amulet of reflection
Scrolls
 g - 8 scrolls of remove curse
 j - a scroll of blinking
 q - 8 scrolls of teleportation
 s - 2 scrolls of fog
 y - a scroll of identify
Potions
 b - 5 potions of magic
 f - 2 potions of mutation {unknown}
 h - 2 potions of agility
 i - a potion of cancellation
 k - 9 potions of curing
 m - 3 potions of heal wounds
 o - 5 potions of lignification
 v - a potion of flight {unknown}
 w - 2 potions of might
 z - a potion of brilliance
Comestibles
 c - 22 rations


   Skills:
 - Level 5.1 Fighting
 + Level 5.7 Dodging
 * Level 10.8 Unarmed Combat
 - Level 4.0 Spellcasting
 * Level 10.6 Transmutations
 + Level 4.1 Invocations


You had 6 spell levels left.
You knew the following spells:

 Your Spells              Type           Power        Failure   Level  Hunger
b - Spider Form           Tmut/Pois      ###.......   5%          3    ###....
c - Blade Hands           Tmut           #####.....   5%          5    ######.
n - Blink                 Tloc           N/A          24%         2    ##.....
z - Sticks to Snakes      Tmut           #####...     1%          2    ##.....

Your spell library contained the following spells:

 Spells                   Type           Power        Failure   Level  Hunger
 Beastly Appendage        Tmut           #####.       1%          1    None
 Animate Skeleton         Necr           N/A          16%         1    None
 Apportation              Tloc           #.....       16%         1    None
 Confusing Touch          Hex            #.....       16%         1    None
 Magic Dart               Conj           #...         16%         1    None
 Summon Small Mammal      Summ           #...         16%         1    None
 Ice Form                 Ice/Tmut       ###.....     19%         4    ####...
 Petrify                  Tmut/Erth      ###.....     19%         4    ####...
 Call Imp                 Summ           #.......     24%         2    ##.....
 Searing Ray              Conj           #.....       24%         2    ##.....
 Slow                     Hex            #.......     24%         2    ##.....
 Confuse                  Hex            #.......     43%         3    ###....
 Conjure Flame            Conj/Fire      #.......     43%         3    ###....
 Dazzling Spray           Conj/Hex       #.....       43%         3    ###....
 Gell's Gravitas          Tloc           #.........   43%         3    ###....
 Mephitic Cloud           Conj/Pois/Air  #.......     43%         3    ###....
 Yara's Violent Unravell  Hex/Tmut       ###.......   45%         5    ######.
 Force Lance              Conj/Tloc      #.......     83%         4    ####...
 Fulminant Prism          Conj/Hex       #.........   83%         4    ####...
 Iskenderun's Mystic Bla  Conj           #.......     83%         4    ####...
 Metabolic Englaciation   Hex/Ice        #.........   99%         5    ######.


Dungeon Overview and Level Annotations

Branches:
Dungeon (11/15)            Temple (1/1) D:7            Lair (0/6) D:8
    Orc (0/2) D:9           Sewer (visited)

Altars:
Ashenzari
Cheibriados
Dithmenos
Elyvilon
Fedhas
Gozag
Hepliaklqana
Kikubaaqudgha
Makhleb
Nemelex Xobeh
Okawaru
Qazlal
Ru
Sif Muna
Trog
Uskayaw
Vehumet
Wu Jian
Xom
Yredelemnul
Zin
The Shining One


Innate Abilities, Weirdness & Mutations

You can spit globs of acid.
Your golden yellow scales are hard. (AC +7)
You cannot fit into any form of body armour.
You are cold-blooded and may be slowed by cold attacks.
You are resistant to acid. (rCorr)


Message History

* * * LOW HITPOINT WARNING * * *
You slice the manticore!!
You kill the manticore!
Okawaru accepts your kill.
You open the door.
An acid dragon comes into view.
The acid dragon spits acid at you. The splash of acid hits you! You resist.
* * * LOW HITPOINT WARNING * * *
You are splashed with acid.
You resist.
* * * LOW HITPOINT WARNING * * *
Items here: )) †† a cursed +0 dagger; a +0 dagger; a kobold corpse x2
Your hands revert to their normal proportions.
Your +1 pair of gloves unmelds from your body.
The acid dragon spits acid at you. The splash of acid hits you. You resist.
* * * LOW HITPOINT WARNING * * *
The acid corrodes you!
You are splashed with acid.
You resist.
You die...

#.$#######..#
#...........
####.........#
.............#
.............#
.........†...#
#...........#
#.....<.....#
#.######@..## #...#
#...# #..#....#...#
#..#D...#...#
#..#....#...#
#..#....+.†.#
#####..#....#D).#####
....... ...#........


You could see an acid dragon.

Vanquished Creatures
  Erica (D:9)
  An unseen horror (D:10)
  A manticore (D:11)
  A cyclops (D:11)
  An efreet (D:11)
  A komodo dragon (D:11)
  2 trolls (D:10)
  Prince Ribbit (D:6)
  4 hippogriffs
  A spriggan (D:9)
  A wyvern (D:8)
  3 yaks (D:11)
  A basilisk (D:11)
  Menkaure (D:7)
  2 hungry ghosts
  A two-headed ogre zombie (D:9)
  A water moccasin (D:9)
  2 orc warriors
  A sky beast (D:11)
  4 phantoms
  A black bear (D:8)
  A centaur (D:7)
  2 necrophages (D:11)
  3 ogres
  A big kobold (D:11)
  2 bullfrogs
  A water moccasin zombie (D:9)
  A troll zombie (D:9)
  8 killer bees (D:9)
  A jelly (D:10)
  4 crimson imps
  2 bullfrog zombies
  A quasit (D:8)
  5 hounds
  7 orc priests
  11 orc wizards
  Ijyb (D:4)
  4 iguanas
  4 worker ants
  6 ogre zombies (D:9)
  A hound zombie (D:5)
  4 gnolls (D:4)
  A howler monkey skeleton (D:8)
  A river rat (Sewer)
  21 adders
  4 shadow imps
  An ooze (Sewer)
  3 adder zombies
  An adder skeleton (D:9)
  6 worms
  3 dart slugs
  5 leopard geckos
  33 orcs
  7 giant cockroaches
  6 goblins
  16 hobgoblins
  3 quokkas
  3 ball pythons
  7 bats
  8 frilled lizards
  2 gnoll zombies (D:2)
  2 goblin skeletons (D:9)
  2 goblin zombies (D:9)
  3 hobgoblin skeletons (D:9)
  A hobgoblin zombie (D:9)
  17 kobolds
  6 orc skeletons (D:9)
  11 orc zombies (D:9)
  10 rats
285 creatures vanquished.

Vanquished Creatures (collateral kills)
  An orc warrior (D:7)
  A black bear (D:6)
  An orc (D:7)
3 creatures vanquished.

Vanquished Creatures (others)
  A centaur zombie (D:11)
  An orc wizard (D:5)
2 creatures vanquished.

Grand Total: 290 creatures vanquished

Notes
Turn   | Place    | Note
-------+----------+-------------------------------------------
     0 | D:1      | Goreval the Draconian Transmuter began the quest for the
                  | Orb.
     0 | D:1      | Reached XP level 1. HP: 16/16 MP: 3/3
   492 | D:1      | Reached XP level 2. HP: 22/23 MP: 5/5
   496 | D:1      | Learned a level 2 spell: Sticks to Snakes
  1193 | D:2      | Reached XP level 3. HP: 29/29 MP: 6/6
  1198 | D:2      | Learned a level 3 spell: Spider Form
  1651 | D:2      | Reached XP level 4. HP: 36/36 MP: 5/7
  2195 | D:2      | Found a basalt altar of Yredelemnul.
  3029 | D:3      | Reached XP level 5. HP: 41/41 MP: 8/8
  3736 | D:4      | Reached XP level 6. HP: 40/48 MP: 8/10
  3838 | D:4      | Noticed Ijyb
  3867 | D:4      | Killed Ijyb
  3867 | D:4      | Reached skill level 5 in Unarmed Combat
  4187 | D:4      | Found a sacrificial altar of Ru.
  4995 | D:4      | Reached skill level 5 in Transmutations
  4995 | D:4      | Your scales start taking on a golden yellow colour.
  4995 | D:4      | Reached XP level 7. HP: 55/55 MP: 11/11
  4995 | D:4      | Gained mutation: You are resistant to acid. (rCorr) [Yellow
                  | Draconian growth]
  5097 | D:5      | Entered Level 5 of the Dungeon
  5234 | D:5      | Found a glowing drain.
  5357 | Sewer    | Entered a sewer
  5555 | Sewer    | Learned a level 5 spell: Blade Hands
  6482 | D:5      | Learned a level 2 spell: Blink
  7177 | D:6      | Found a glowing silver altar of Zin.
  7177 | D:6      | Found a hide-covered altar of Uskayaw.
  7177 | D:6      | Found a radiant altar of Vehumet.
  7214 | D:6      | Reached XP level 8. HP: 61/61 MP: 9/13
  8052 | D:6      | Noticed a moth of wrath
  8055 | D:6      | Found a bloodstained altar of Trog.
  8256 | D:7      | Found a staircase to the Ecumenical Temple.
  8265 | Temple   | Entered the Ecumenical Temple
  8400 | Temple   | Became a worshipper of Warmaster Okawaru
  8419 | D:7      | Noticed Menkaure
  8430 | D:7      | Killed Menkaure
  9206 | D:7      | Noticed Prince Ribbit
  9234 | D:6      | Killed Prince Ribbit
  9612 | D:7      | Reached * piety under Okawaru
 10171 | D:8      | Reached XP level 9. HP: 30/70 MP: 15/15
 10910 | D:8      | Found a staircase to the Lair.
 11191 | D:9      | Found a staircase to the Orcish Mines.
 11214 | D:9      | Reached ** piety under Okawaru
 11822 | D:9      | Noticed Erica
 11981 | D:9      | Killed Erica
 11981 | D:9      | Reached *** piety under Okawaru
 11981 | D:9      | Reached skill level 5 in Fighting
 11981 | D:9      | Reached XP level 10. HP: 51/81 MP: 9/16
 12630 | D:9      | Reached skill level 1 in Invocations
 13364 | D:10     | Entered Level 10 of the Dungeon
 13556 | D:10     | Reached **** piety under Okawaru
 13840 | D:10     | Found a shattered altar of Ashenzari.
 14581 | D:11     | Reached skill level 5 in Dodging
 14614 | D:11     | Reached skill level 10 in Unarmed Combat
 14624 | D:11     | Reached skill level 10 in Transmutations
 14844 | D:11     | Noticed a cyclops
 15142 | D:11     | Killed a cyclops
 15158 | D:11     | Reached ***** piety under Okawaru
 15367 | D:11     | Reached XP level 11. HP: 68/85 MP: 11/17
 15440 | D:10     | Killed an unseen horror
 15706 | D:11     | Splashed by an acid dragon's acid

Levels and vault maps discovered:
D:1:      saegor_arrival_simple_b, layout_rooms
D:2:      layout_basic, lemuel_zombie_altar_yredelemnul, first_ration,
          serial_bayou_lake_a
D:3:      layout_loops_ring
D:4:      layout_basic, lemuel_crystal_altar, minmay_misc_feat_nine_boxes,
          corexii_shack, sigmund_army, uniq_ijyb
D:5:      layout_basic, serial_bayou, serial_bayou_shore_a, serial_bayou_pond_c,
          serial_bayou_lagoon_a, serial_bayou_shore_b, gup_sewer_entry_glass
D:6:      layout_gridville, gammafunk_temple_overflow_claw, tgw_trog
D:7:      layout_basic, minmay_temple_entry_trees, uniq_prince_ribbit1,
          uniq_menkaure
D:8:      layout_loops_ring, lair_entry_dummy
D:9:      layout_roguey, zombieorc2_lemuel, the_bakery, uniq_erica
D:10:     layout_stronghold, basic_altar, serial_rivers,
          chequers_serial_rivers_micro_a, chequers_serial_rivers_small_b,
          chequers_serial_rivers_marsh, chequers_serial_rivers_micro_e,
          chequers_serial_rivers_micro_e, chequers_serial_rivers_room_a,
          st_stairs_6
D:11:     minmay_the_grid_square_5x5_4x4_mashed
          [minmay_the_grid_square_5x5_detours,
          minmay_the_grid_square_5x5_sharp_hourglass,
          minmay_the_grid_square_5x5_corner, minmay_the_grid_square_5x5_lines,
          minmay_the_grid_square_5x5_tie,
          minmay_the_grid_square_5x5_prize_itemx,
          minmay_the_grid_square_5x5_prize_pseudospiral,
          minmay_the_grid_square_5x5_longway,
          minmay_the_grid_square_5x5_three_walls,
          minmay_the_grid_square_5x5_prize_deathbox,
          minmay_the_grid_square_5x5_prize_junk,
          minmay_the_grid_square_5x5_broken_cross,
          minmay_the_grid_square_5x5_misaligned,
          minmay_the_grid_square_5x5_hourglass,
          minmay_the_grid_square_5x5_spiral,
          minmay_the_grid_square_5x5_two_walls_a], layout_irregular_city
Temple:   eino_temple_rhombus

Skill      XL: |  1  2  3  4  5  6  7  8  9 10 11 |
---------------+----------------------------------+-----
Dodging        | 2 3 4 5 |  5.7
Fighting       | 2 3 5 |  5.1
Transmutations | 3 4 5 6 7 9 10 | 10.6
Unarmed Combat | 4 5 6 7 9 10 | 10.8
Spellcasting   | 3 4 |  4.0
Invocations    | 3 4 |  4.1

Action                   |  1- 3 |  4- 6 |  7- 9 | 10-12 || total
-------------------------+-------+-------+-------+-------++-------
Melee: Unarmed           |   111 |   216 |   568 |   241 ||  1136
       Headbutt          |     4 |     7 |     7 |       ||    18
       Tailslap          |     7 |    11 |    48 |    25 ||    91
       Kick              |     4 |     3 |     1 |       ||     8
       Punch             |     2 |     5 |    19 |     5 ||    31
Throw: Stone             |    26 |    60 |    75 |    29 ||   190
 Cast: Beastly Appendage |     9 |     7 |     5 |       ||    21
       Spider Form       |       |    12 |    11 |       ||    23
       Sticks to Snakes  |       |     2 |     8 |       ||    10
       Blade Hands       |       |       |     9 |    22 ||    31
Invok: Heroism           |       |       |     1 |       ||     1
 Abil: Breathe Acid      |       |       |     2 |       ||     2
  Use: Scroll            |       |    15 |     6 |     6 ||    27
  Eat: Chunk             |     3 |     9 |    23 |    16 ||    51
       Ration            |       |     1 |     2 |     1 ||     4
Armor: Skin              |    24 |    34 |   124 |    65 ||   247
Dodge: Dodged            |    98 |   162 |   311 |   155 ||   726
